 Dungeon Crawl Stone Soup version 0.13.1-27-ga479965 (webtiles) character file.

32484 Chiseanne the Eclecticist (level 13, -3/79 HPs)
             Began as a Mummy Fire Elementalist on Feb 14, 2014.
             Was a High Priest of Vehumet.
             Slain by an orc warrior
             ... wielding a -1,+2 orcish halberd of flaming
              (22 damage)
             ... in a volcano.
             The game lasted 02:45:18 (47795 turns).

Chiseanne the Eclecticist (MuFE)                   Turns: 47795, Time: 02:45:18

HP  -3/79        AC 23     Str 11      XL: 13   Next: 22%
MP   0/34        EV 10     Int 18      God: Vehumet [*****.]
Gold 1682        SH  0     Dex 12      Spells: 10 memorised,  6 levels left

Res.Fire  : x . .   See Invis. : .   a - +1,+2 flail (protect)
Res.Cold  : + . .   Warding    : .   c - +1 orc leather armour {MR+}
Life Prot.: + + +   Conserve   : .   (no shield)
Res.Poison: +       Res.Corr.  : .   J - +2 wizard hat
Res.Elec. : .       Clarity    : .   C - +2 elf cloak
Sust.Abil.: . .     Spirit.Shd : +   (no gloves)
Res.Mut.  : .       Stasis     : .   H - +2 pair of boots
Res.Rott. : +       Flight     : .   n - amulet of guardian spirit
Saprovore : . . .                    F - +6 ring of protection
                                     m - ring of wizardry

@: very resistant to hostile enchantments, fairly stealthy
A: no food or potions, fire vulnerability, in touch with death, restore body,
cold resistance 1, life protection 3, poison resistance, torment resistance,
unbreathing
a: Self-Restoration, Renounce Religion


You were in a volcano.
You worshipped Vehumet.
Vehumet was extremely pleased with you.
You were not hungry.

You visited 4 branches of the dungeon, and saw 20 of its levels.
You also visited: Bailey and Volcano.

You collected 1662 gold pieces.

Inventory:

Hand weapons
 a - a +1,+2 flail of protection (weapon)
 j - a +2,+0 whip of electrocution
 l - a -1,+2 orcish vampiric trident
 x - a +0 blowgun
 S - a +2 blowgun
Missiles
 o - 16 poisoned darts (quivered)
 R - 8 curare-tipped needles
Armour
 c - a +1 orcish leather armour of magic resistance (worn)
 d - a +1 orcish scale mail of fire resistance
 r - a +0 shield
 C - a +2 elven cloak (worn)
 H - a +2 pair of boots (worn)
 J - a +2 wizard hat (worn)
Magical devices
 q - a wand of heal wounds (0)
 D - a wand of polymorph (1)
Scrolls
 g - a scroll of immolation
 p - 3 scrolls of identify
 t - 3 scrolls of remove curse
Jewellery
 i - an uncursed ring of flight
 m - a ring of wizardry (left hand)
 n - an amulet of guardian spirit (around neck)
 z - an uncursed ring of protection from magic
 E - an uncursed ring of see invisible
 F - a +6 ring of protection (right hand)
 K - an uncursed ring of protection from magic
 N - the amulet "Ceiror Okue" {Inacc Int+3}
   (You found it on level 12 of the Dungeon)

   [amulet of inaccuracy]

   It affects your intelligence (+3).
Books
 b - a book of Flames

   Spells                             Type                      Level
   *Flame Tongue                      Conjuration/Fire             1
   *Throw Flame                       Conjuration/Fire             2
   *Conjure Flame                     Conjuration/Fire             3
   *Inner Flame                       Hexes/Fire                   3
   *Sticky Flame                      Conjuration/Fire             4
   *Fireball                          Conjuration/Fire             5
 O - a book of the Earth

   Spells                             Type                      Level
   *Dig                               Earth                        4
   Leda's Liquefaction                Hexes/Earth                  4
   *Bolt of Magma                     Conjuration/Fire/Earth       5
   Statue Form                        Transmutation/Earth          6
   Iron Shot                          Conjuration/Earth            6
   Shatter                            Earth                        9
Miscellaneous
 v - a phial of floods (inert)
 G - a plain deck of defence {the Shadow}


   Skills:
 - Level 1.5 Dodging
 - Level 1.5 Stealth
 * Level 15.1 Spellcasting
 * Level 8.4 Conjurations
 - Level 10.0 Fire Magic


You had 6 spell levels left.
You knew the following spells:

 Your Spells              Type           Power        Failure   Level  Hunger
a - Flame Tongue          Conj/Fire      #####        1%          1    N/A
b - Throw Flame           Conj/Fire      #####.       1%          2    N/A
c - Conjure Flame         Conj/Fire      #####...     1%          3    N/A
d - Inner Flame           Hex/Fire       ####....     1%          3    N/A
e - Fireball              Conj/Fire      #####.....   1%          5    N/A
f - Olgreb's Toxic Radia  Pois           ##......     8%          4    N/A
g - Ignite Poison         Fire/Trmt      ####......   2%          5    N/A
h - Bolt of Magma         Conj/Fire/Erth #####.....   1%          5    N/A
i - Sticky Flame          Conj/Fire      #####...     1%          4    N/A
j - Dig                   Erth           ##......     24%         4    N/A

Dungeon Overview and Level Annotations

Branches:
Dungeon (14/27)            Temple (1/1) D:5             Orc (4/4) D:6
    Elf (0/3) Orc:4          Lair (1/8) D:8

Altars:
Ashenzari
Cheibriados
Elyvilon
Fedhas
Kikubaaqudgha
Makhleb
Nemelex Xobeh
Okawaru
Sif Muna
Trog
Vehumet
Xom
Yredelemnul
Zin
the Shining One

Shops:
D:10 }

Portals:
Ziggurat: D:11 (3920 gp)

Annotations:
D:2 Sigmund
D:7 Erolcha
D:11 exclusion: statue
Lair:1 Nergalle


Innate Abilities, Weirdness & Mutations

You do not eat or drink.
Your flesh is vulnerable to fire.
You are in touch with the powers of death.
You can restore your body by infusing magical energy.
Your flesh is cold resistant.
You are immune to negative energy.
Your system is resistant to poisons.
You are immune to unholy pain and torment.
You can survive without breathing.


Message History

The orc warrior is moderately wounded.
The orc warrior is engulfed in roaring flames.
The orc warrior hits you with an orcish halberd of flaming!
The orc warrior burns you!
You hit the orc warrior.
The orc warrior is heavily wounded.
The orc warrior looks more healthy.
The orc warrior closely misses you.
The orc warrior is engulfed in roaring flames.
The orc warrior hits you with an orcish halberd of flaming.
The orc warrior burns you.
You barely miss the orc warrior.
The orc warrior is severely wounded.
The orc warrior is engulfed in roaring flames.
The orc warrior hits you with an orcish halberd of flaming!
* * * LOW HITPOINT WARNING * * *
The orc warrior burns you.
* * * LOW HITPOINT WARNING * * *
The orc warrior is engulfed in roaring flames.
The orc warrior hits you with an orcish halberd of flaming!
You die...

§ .≈ .≈≈≈ )≈≈§§ )≈≈≈ ##### #§≈
§ .##....##o#
#.............#@#
##...≈§.≈.≈.....### ###
#...≈≈§≈§≈≈≈≈≈....## #§##
..§.≈≈§≈≈≈§≈≈≈≈.§..# ##≈§#
..§≈≈§≈≈≈§§§≈≈..§§## ##≈≈≈##
...≈≈≈≈≈≈§§§≈≈..§§.# ##≈.≈≈§#
..≈≈≈§§≈§≈§§≈...§### #≈≈..§§#
...§.§§≈≈§§≈....§§.#####∩....#
##....§....§§§§.§##..##.....##


You could see an orc warrior (berserk).

Vanquished Creatures
  Gastronok (Orc:2)
  A hydra (D:13)
  Harold (Orc:3)
  Erica (D:13)
  A centaur warrior (D:13)
  2 skeletal warriors (D:11)
  Pikel (D:6)
  2 hill giants
  2 orc knights
  2 cyclopes
  A red wasp (shapeshifter) (D:13)
  Maurice (D:10)
  Psyche (Orc:4)
  A spiny frog (Lair:1)
  A fire drake (Orc:4)
  4 trolls
  A komodo dragon (D:9)
  Sonja (Orc:2)
  A hydra skeleton (D:12)
  Prince Ribbit (D:6)
  A two-headed ogre (D:11)
  A trapdoor spider zombie (D:13)
  2 slime creatures (D:13)
  A trapdoor spider (D:12)
  2 wraiths
  5 ugly things (D:13)
  15 yaks
  2 hill giant zombies
  A wyvern (D:12)
  A merfolk (D:13)
  2 manticores
  4 hippogriffs
  Edmund (D:7)
  4 hungry ghosts
  3 wolves (Lair:1)
  7 ice beasts
  A necrophage (D:6)
  A black bear (D:9)
  A slave (D:6)
  27 orc warriors
  5 sky beasts
  A swamp drake (D:6)
  A yellow wasp (D:7)
  6 centaurs
  4 giant goldfish (D:10)
  5 ogres
  6 phantoms
  2 crocodiles
  A warg (Orc:3)
  2 water moccasins
  Duvessa (D:5)
  3 big kobolds (D:10)
  An agate snail (D:8)
  A cyclops zombie (D:12)
  13 giant frogs
  A manticore zombie (D:13)
  A wyvern skeleton (D:13)
  A hippogriff skeleton (D:13)
  A yak skeleton (D:10)
  16 killer bees
  A jellyfish (D:10)
  4 electric eels (D:10)
  28 wights
  Dowan (D:5)
  6 hounds
  11 crimson imps
  A spider (Bailey)
  4 giant frog zombies
  4 big fish
  6 jellies
  15 orc priests
  A gnoll shaman (D:4)
  6 scorpions
  3 iguanas
  17 orc wizards
  10 worker ants
  3 goliath beetles
  5 sheep
  A mottled dragon zombie (D:10)
  A big kobold skeleton (D:13)
  A boggart (Orc:2)
  A hound skeleton (D:9)
  A worker ant zombie (D:13)
  11 gnolls
  2 green rats (Orc:2)
  24 adders
  3 giant centipedes
  A worm zombie (D:6)
  5 giant mites
  4 worms
  A grey rat (Orc:2)
  10 giant geckos
  3 oozes
  168 orcs
  2 ball pythons
  A bat skeleton (D:8)
  6 giant cockroaches
  21 hobgoblins
  47 kobolds
  20 bats
  A giant gecko zombie (D:6)
  5 giant newts
  2 giant spores
  38 goblins
  A hobgoblin skeleton (D:8)
  3 jackals
  A kobold zombie (D:5)
  An orc skeleton (D:10)
  6 quokkas
  A quokka skeleton (D:9)
  A quokka zombie (D:6)
  15 rats
  A spectral orc (D:4)
  3 ballistomycetes
  A fungus (D:8)
  5 plants (D:10)
726 creatures vanquished.

Vanquished Creatures (collateral kills)
  A rat (D:8)
1 creature vanquished.

Vanquished Creatures (others)
  A centaur (D:6)
  An orc priest (D:6)
  2 orcs (D:6)
  A giant cockroach (D:6)
  A goblin (D:6)
  2 plants (D:10)
8 creatures vanquished.

Grand Total: 735 creatures vanquished

Notes
Turn   | Place    | Note
--------------------------------------------------------------
     0 | D:1      | Chiseanne, the Mummy Fire Elementalist, began the quest for the Orb.
     0 | D:1      | Reached XP level 1. HP: 13/13 MP: 3/3
   660 | D:1      | Found a sparkling altar of Nemelex Xobeh.
   746 | D:1      | Reached XP level 2. HP: 19/19 MP: 2/4
  1004 | D:1      | Learned a level 2 spell: Throw Flame
  1122 | D:1      | Reached skill level 3 in Fire Magic
  3659 | D:1      | Reached XP level 3. HP: 24/24 MP: 0/5
  9359 | D:2      | Noticed Sigmund
 10106 | D:3      | Reached XP level 4. HP: 22/30 MP: 4/7
 10208 | D:3      | Noticed a centaur
 10263 | D:3      | Killed a centaur
 10263 | D:3      | Reached skill level 4 in Fire Magic
 10263 | D:3      | Reached XP level 5. HP: 19/35 MP: 1/10
 10412 | D:3      | Learned a level 3 spell: Conjure Flame
 10416 | D:3      | Learned a level 3 spell: Inner Flame
 12137 | D:4      | Found a basalt altar of Yredelemnul.
 12526 | D:4      | Reached XP level 6. HP: 19/41 MP: 1/13
 17160 | D:5      | Entered Level 5 of the Dungeon
 17300 | D:5      | Noticed Duvessa
 17300 | D:5      | Noticed Dowan
 17307 | D:5      | Killed Duvessa
 17307 | D:5      | Reached skill level 5 in Fire Magic
 17394 | D:5      | Killed Dowan
 17501 | D:5      | Found a staircase to the Ecumenical Temple.
 17531 | Temple   | Entered the Ecumenical Temple
 17638 | Temple   | Became a worshipper of Vehumet
 18031 | D:5      | Found a shattered altar of Ashenzari.
 18144 | D:5      | Reached XP level 7. HP: 42/46 MP: 4/17
 18665 | D:6      | Reached skill level 5 in Spellcasting
 18791 | D:6      | Learned a level 5 spell: Fireball
 19070 | D:6      | Found a staircase to the Orcish Mines.
 19102 | D:6      | Acquired Vehumet's first power
 19102 | D:6      | Offered knowledge of Sting by Vehumet.
 19451 | D:6      | Noticed Prince Ribbit
 19528 | D:6      | Killed Prince Ribbit
 19528 | D:6      | Reached skill level 6 in Fire Magic
 19605 | D:6      | Found a white marble altar of Elyvilon.
 19643 | D:6      | Noticed Pikel
 19648 | D:6      | Killed Pikel
 19648 | D:6      | Reached XP level 8. HP: 52/52 MP: 11/21
 19957 | D:6      | Reached skill level 7 in Spellcasting
 21277 | D:7      | Reached XP level 9. HP: 57/57 MP: 16/23
 22274 | D:6      | Reached skill level 8 in Spellcasting
 22402 | D:7      | Found a deep blue altar of Sif Muna.
 22941 | D:7      | Offered knowledge of Freeze by Vehumet.
 22941 | D:7      | Reached skill level 9 in Spellcasting
 23759 | D:7      | Reached XP level 10. HP: 63/63 MP: 5/27
 24239 | D:7      | Offered knowledge of Dazzling Spray by Vehumet.
 24639 | D:8      | Noticed Edmund
 24901 | D:7      | Killed Edmund
 25154 | D:7      | Acquired Vehumet's second power
 25557 | D:8      | Reached skill level 10 in Spellcasting
 25794 | D:8      | Noticed an elephant
 25989 | D:8      | Found a staircase to the Lair.
 26157 | Lair:1   | Entered Level 1 of the Lair of Beasts
 26373 | Lair:1   | Offered knowledge of Olgreb's Toxic Radiance by Vehumet.
 26484 | Lair:1   | Noticed Nergalle
 27094 | D:8      | Noticed Erolcha
 28500 | D:8      | Found an iron altar of Okawaru.
 28700 | D:9      | Found a glowing golden altar of the Shining One.
 28768 | D:9      | Learned a level 4 spell: Olgreb's Toxic Radiance
 28903 | D:9      | Acquired Vehumet's third power
 28903 | D:9      | Reached skill level 11 in Spellcasting
 29041 | D:9      | Reached skill level 10 in Fire Magic
 29178 | D:9      | Offered knowledge of Ignite Poison by Vehumet.
 29178 | D:9      | Reached skill level 1 in Conjurations
 29185 | D:9      | Learned a level 5 spell: Ignite Poison
 29327 | D:9      | Reached XP level 11. HP: 46/68 MP: 12/29
 30484 | D:10     | Entered Level 10 of the Dungeon
 31363 | D:10     | Found Redajin's Gadget Emporium.
 31363 | D:10     | Noticed Maurice
 31376 | D:10     | Killed Maurice
 32167 | D:10     | Reached skill level 12 in Spellcasting
 32898 | D:10     | Offered knowledge of Bolt of Magma by Vehumet.
 32905 | D:10     | Learned a level 5 spell: Bolt of Magma
 33125 | D:10     | Noticed a hill giant
 33131 | D:10     | Killed a hill giant
 34007 | D:11     | Found a gateway to a ziggurat.
 34690 | D:11     | Learned a level 4 spell: Sticky Flame
 35631 | D:12     | Reached skill level 5 in Conjurations
 35805 | D:11     | Noticed a skeletal warrior
 35809 | D:11     | Noticed a skeletal warrior
 36175 | D:12     | Noticed a hill giant
 36180 | D:12     | Killed a hill giant
 36180 | D:12     | Reached skill level 13 in Spellcasting
 36605 | D:12     | Reached XP level 12. HP: 74/74 MP: 24/32
 37305 | D:12     | Got a vibrating golden amulet
 37408 | D:12     | Identified the amulet "Ceiror Okue" {Inacc Int+3} (You found it on level 12 of the Dungeon)
 37614 | D:13     | Noticed Erica
 37618 | D:13     | Killed Erica
 37847 | D:12     | Noticed a frost giant
 37847 | D:12     | Noticed a storm dragon
 37848 | D:12     | Noticed a hill giant
 38021 | D:13     | Noticed an eight-headed hydra
 38026 | D:13     | Killed an eight-headed hydra
 39555 | D:13     | Reached skill level 14 in Spellcasting
 40346 | D:14     | Entered Level 14 of the Dungeon
 40572 | D:11     | Killed a skeletal warrior
 40585 | D:11     | Killed a skeletal warrior
 41180 | D:7      | Noticed a moth of wrath
 41181 | D:7      | a moth of wrath changed into a redback
 41349 | Orc:1    | Entered Level 1 of the Orcish Mines
 41351 | Orc:1    | Offered knowledge of Airstrike by Vehumet.
 42382 | Orc:2    | Noticed Gastronok
 43177 | Orc:2    | Noticed Sonja
 43309 | Orc:2    | Killed Gastronok
 43457 | Orc:2    | Found a flagged portal.
 43459 | Orc:2    | Killed Sonja
 43538 | Bailey   | Entered a bailey
 43744 | Bailey   | Reached XP level 13. HP: 69/79 MP: 1/34
 44632 | Orc:2    | Learned a level 4 spell: Dig
 44835 | Orc:3    | Offered knowledge of Poisonous Cloud by Vehumet.
 44843 | Orc:3    | Noticed Harold
 44857 | Orc:3    | Killed Harold
 46296 | Orc:4    | Entered Level 4 of the Orcish Mines
 46296 | Orc:4    | Found a staircase to the Elven Halls.
 46296 | Orc:4    | Noticed Psyche
 46303 | Orc:4    | Killed Psyche
 46551 | Orc:3    | Reached skill level 15 in Spellcasting
 47294 | Orc:4    | Found a dark tunnel.
 47380 | Volcano  | Entered a volcano
 47795 | Volcano  | Slain by an orc warrior

Action                   |  1- 3 |  4- 6 |  7- 9 | 10-12 | 13-15 || total
-------------------------+-------+-------+-------+-------+-------++-------
Melee: Unarmed           |    23 |       |       |       |       ||    23
       Club              |    18 |       |       |       |       ||    18
       Dagger            |   136 |   128 |    30 |    12 |       ||   306
       Short sword       |       |     1 |       |       |       ||     1
       Flail             |       |    14 |    26 |   141 |     8 ||   189
       Trident           |       |       |     2 |       |       ||     2
       War axe           |       |       |       |   125 |       ||   125
       Whip              |       |       |       |     1 |       ||     1
 Cast: Flame Tongue      |    51 |    43 |   149 |   287 |    20 ||   550
       Throw Flame       |    27 |    78 |   128 |   177 |    57 ||   467
       Conjure Flame     |       |     8 |    17 |    76 |     8 ||   109
       Inner Flame       |       |     7 |    10 |    38 |    12 ||    67
       Fireball          |       |       |     4 |   270 |    53 ||   327
       Ignite Poison     |       |       |       |    11 |       ||    11
       Olgreb's Toxic Ra |       |       |       |    22 |    29 ||    51
       Sticky Flame      |       |       |       |     1 |       ||     1
       Bolt of Magma     |       |       |       |    32 |    19 ||    51
       Dig               |       |       |       |       |     6 ||     6
 Abil: Evoke Flight      |       |       |       |       |     1 ||     1
Evoke: Wand              |     3 |     3 |    12 |    34 |     1 ||    53
       Miscellaneous     |       |       |       |     2 |       ||     2
  Use: Scroll            |    12 |     6 |     5 |    14 |     2 ||    39
 Stab: Sleeping          |     1 |     1 |       |     2 |       ||     4
